 Dungeon Crawl Stone Soup version 0.19.1 (webtiles) character file.

559 HessuHobo the Covered (level 7, -3/54 HPs)
             Began as a Demonspawn Gladiator on Dec 26, 2016.
             Was an Initiate of Makhleb.
             Slain by a phantom (5 damage)
             ... on level 6 of the Dungeon.
             The game lasted 00:22:31 (4658 turns).

HessuHobo the Covered (Demonspawn Gladiator)        Turns: 4658, Time: 00:22:32

Health: -3/54      AC:  6    Str: 20    XL:     7   Next: 9%
Magic:  0/16       EV: 12    Int:  9    God:    Makhleb [......]
Gold:   226        SH:  0    Dex: 13    Spells: 0 memorised, 6 levels left

rFire  . . .     SeeInvis .     a - +1 war axe
rCold  . . .     Gourm    .     e - +1 ring mail
rNeg   . . .     Faith    .     (no shield)
rPois  .         Spirit   +     (helmet restricted)
rElec  .         Reflect  .     (no cloak)
rCorr  .         Harm     .     (no gloves)
MR     .....     Clarity  +     (no boots)
Stlth  +.........               (no amulet)
                                (no ring)
                                i - ring of magical power

@: no status effects
A: antennae 1, clarity, screaming 1, strong 1, magic shield
a: Renounce Religion


You were on level 6 of the Dungeon.
You worshipped Makhleb.
Makhleb was noncommittal.
You were hungry.

You visited 1 branch of the dungeon, and saw 5 of its levels.
You also visited: Sewer.

You collected 226 gold pieces.

Inventory:

Hand Weapons
 a - a +1 war axe (weapon)
Missiles
 d - 3 throwing nets (quivered)
Armour
 b - a +0 leather armour
 c - a +0 helmet
 e - a +1 ring mail (worn)
Jewellery
 i - a ring of magical power (left hand)
Wands
 h - a wand of iceblast (1/15)
Scrolls
 j - 2 scrolls of remove curse
 k - 6 scrolls of identify
 o - a scroll of fog
 p - 3 scrolls of enchant weapon
 u - a scroll of enchant armour
 w - a scroll of magic mapping
 x - a scroll of amnesia {unknown}
Potions
 g - a potion of degeneration
 m - 2 potions of flight
Comestibles
 f - a chunk of flesh
 l - 5 meat rations
 n - 5 fruits
 s - a royal jelly
 v - 2 bread rations


   Skills:
 * Level 4.0 Fighting
 - Level 2.6 Axes
 - Level 1.7 Throwing
 * Level 4.3 Armour
 + Level 3.8 Dodging
 + Level 0.2 Stealth
 * Level 2.4 Unarmed Combat


You had 6 spell levels left.
You didn't know any spells.

Dungeon Overview and Level Annotations

Branches:
Dungeon (4/15)             Temple (0/1) D:4

Altars:
Cheibriados
Makhleb
Okawaru
Uskayaw
Vehumet


Innate Abilities, Weirdness & Mutations

You have a pair of small antennae on your head.
When hurt, damage is shared between your health and your magic reserves.
You possess an exceptional clarity of mind.
You occasionally shout uncontrollably at your foes.
Your muscles are strong. (Str +2)


Message History

You closely miss the bullfrog.
The bullfrog is lightly wounded.
The bullfrog hits you but does no damage.
The bullfrog barely misses you.
You barely miss the bullfrog.
The bullfrog is lightly wounded.
The bullfrog hits you.
* * * LOW HITPOINT WARNING * * *
The bullfrog barely misses you. The phantom hits you.
* * * LOW HITPOINT WARNING * * *
You hit the bullfrog.
The bullfrog is moderately wounded.
You hit the phantom.
The bullfrog hits you but does no damage.
The phantom hits you but does no damage.
The bullfrog swells and bulges.
The bullfrog hits you.
* * * LOW HITPOINT WARNING * * *
The bullfrog misses you. The phantom hits you.
You die...

.. #.... .## ....#
#.####....# .## ##
#........####... #..
##.............#
....####.............#
...........W.........
.........)@........#
...........F......#
......##..........##
....# ##.).....#..##
### #...........## #.
##...........# .###.##
#.......#...#
.......##
#......####.#
........###......#
##.#


You could see a phantom and a bullfrog.

Vanquished Creatures
  2 bullfrogs (Sewer)
  A scorpion (D:4)
  A bullfrog zombie (D:6)
  A hound (D:3)
  The ghost of solomon12318 the Sneak, a weakling FeEn (D:3)
  Jessica (D:3)
  2 orc wizards (D:6)
  6 adders
  A river rat (D:3)
  10 oozes
  A dart slug (D:2)
  6 leopard geckos
  3 orcs
  17 ball pythons
  3 bats
  11 giant cockroaches
  4 hobgoblins
  14 frilled lizards
  4 goblins
  7 kobolds
  8 rats
104 creatures vanquished.

Notes
Turn   | Place    | Note
-------+----------+-------------------------------------------
     0 | D:1      | HessuHobo the Demonspawn Gladiator began the quest for the Orb.
     0 | D:1      | Reached XP level 1. HP: 16/16 MP: 1/1
   933 | D:2      | Gained mutation: When hurt, damage is shared between your health and your magic reserves. [demonic ancestry]
   933 | D:2      | Reached XP level 2. HP: 13/22 MP: 2/2
  1167 | D:2      | Found a snail-covered altar of Cheibriados.
  1396 | D:2      | Reached skill level 1 in Armour
  1663 | D:2      | Reached XP level 3. HP: 15/27 MP: 1/3
  2050 | D:3      | Noticed Jessica
  2074 | D:3      | Killed Jessica
  2074 | D:3      | Reached skill level 1 in Unarmed Combat
  2223 | D:3      | Gained mutation: You have a pair of small antennae on your head. [demonic ancestry]
  2223 | D:3      | Reached XP level 4. HP: 32/34 MP: 2/4
  2250 | D:3      | Found a glowing drain.
  2282 | Sewer    | Entered a sewer
  3254 | Sewer    | Reached XP level 5. HP: 39/41 MP: 5/5
  3546 | Sewer    | Reached XP level 6. HP: 15/47 MP: 4/6
  3946 | D:3      | Found a hide-covered altar of Uskayaw.
  4025 | D:3      | Noticed solomon12318's ghost (weakling FeEn)
  4037 | D:3      | Killed solomon12318's ghost
  4067 | D:3      | Found a faded altar of an unknown god.
  4089 | D:3      | Became a worshipper of Vehumet
  4089 | D:3      | Reached * piety under Vehumet
  4089 | D:3      | Offered knowledge of Flame Tongue by Vehumet.
  4091 | D:3      | Fell from the grace of Vehumet
  4350 | D:3      | Found a burning altar of Makhleb.
  4367 | D:3      | Became a worshipper of Makhleb the Destroyer
  4437 | D:4      | Found a staircase to the Ecumenical Temple.
  4546 | D:4      | Found an iron altar of Okawaru.
  4557 | D:4      | You fall through a shaft for 2 floors!
  4575 | D:6      | Reached XP level 7. HP: 37/53 MP: 7/7
  4654 | D:6      | Gained mutation: You occasionally shout uncontrollably at your foes. [potion of mutation]
  4654 | D:6      | Gained mutation: Your muscles are strong. (Str +2) [potion of mutation]
  4654 | D:6      | Gained mutation: You possess an exceptional clarity of mind. [potion of mutation]
  4657 | D:6      | HP: 2/54 [bullfrog (3)]
  4658 | D:6      | Slain by a phantom

Skill      XL: |  1  2  3  4  5  6  7 |
---------------+----------------------+-----
Dodging        | 3 |  3.8
Armour         | 1 2 3 4 |  4.3
Unarmed Combat | 1 2 |  2.4
Fighting       | 3 4 |  4.0
Axes           | |  2.6
Throwing       | |  1.7
Stealth        | |  0.2

Action                   |  1- 3 |  4- 6 |  7- 9 || total
-------------------------+-------+-------+-------++-------
Melee: War axe           |    75 |   273 |    28 ||   376
       Punch             |       |     1 |     1 ||     2
Invok: Renounce Religion |       |     1 |       ||     1
  Use: Potion            |     4 |     2 |     3 ||     9
       Scroll            |     6 |     3 |     1 ||    10
  Eat: Chunk             |     3 |     4 |       ||     7
       Bread ration      |     1 |       |       ||     1
       Fruit             |       |     1 |       ||     1
Armor: Ring mail         |    33 |   157 |     9 ||   199
Dodge: Dodged            |    49 |   282 |    28 ||   359
